 Dungeon Crawl Stone Soup version 0.21-a0-630-g344d3514eb (webtiles) character file.

23 RKaid the Poker (level 2, -1/21 HPs)
             Began as an Octopode Chaos Knight on Dec 25, 2017.
             Slain by an ufetubus (3 damage)
             ... summoned by Xom
             ... on level 1 of the Dungeon.
             The game lasted 00:01:40 (755 turns).

RKaid the Poker (Octopode Chaos Knight)              Turns: 755, Time: 00:01:40

Health: -1/21      AC:  1    Str: 11    XL:     2   Next: 95%
Magic:  2/2        EV: 13    Int: 14    God:    Xom [......]
Gold:   24         SH:  0    Dex: 11    Spells: 1/1 levels left

rFire    . . .     SeeInvis .   a - +0 spear (chaos)
rCold    . . .     Gourm    .   (no shield)
rNeg     . . .     Faith    .   (helmet restricted)
rPois    .         Spirit   .   (no amulet)
rElec    .         Reflect  .   (no ring)
rCorr    .         Harm     .   (no ring)
MR       .....                  (no ring)
Stlth    ++........             (no ring)
HPRegen  0.07/turn              (no ring)
MPRegen  0.08/turn              (no ring)
                                (no ring)
                                (no ring)

@: no status effects
A: almost no armour, stealthy swim, amphibious, 8 rings, constrict 8, camouflage
1, gelatinous body 1
a: Renounce Religion


You were on level 1 of the Dungeon.
You worshipped Xom.
You were a very special plaything of Xom.
You were not hungry.

You visited 1 branch of the dungeon, and saw 1 of its levels.

You collected 24 gold pieces.

Inventory:

Hand Weapons
 a - a +0 spear of chaos (weapon)
Missiles
 c - 58 stones (quivered)
 d - 17 poisoned needles
Jewellery
 h - an uncursed ring of poison resistance {unknown}
   (You found it on level 1 of the Dungeon)
Scrolls
 e - 2 scrolls of remove curse {unknown}
Potions
 g - a potion of brilliance {unknown}
Comestibles
 b - 2 rations
 f - 3 chunks of flesh


   Skills:
 + Level 3.3 Fighting
 * Level 3.5 Polearms
 + Level 2.6 Dodging


You had one spell level left.
You didn't know any spells.

Dungeon Overview and Level Annotations

Branches:
Dungeon (1/15)

Altars:


Innate Abilities, Weirdness & Mutations

You cannot wear most types of armour.
You are very stealthy in the water. (Stealth+)
You are amphibious.
You can wear up to eight rings at the same time.
You can use your tentacles to constrict eight enemies at once.
Your skin changes colour to match your surroundings (Stealth+).
Your rubbery body absorbs attacks. (AC +1, EV +1)


Message History

2 jackals come into view.
A jackal comes into view.
The jackal bites you. The jackal bites you. The jackal closely misses you.
The jackal bites you.
You miss the jackal. Your grab misses the jackal.
The jackal closely misses you.
You closely miss the jackal. Your grab misses the jackal.
The jackal misses you. The jackal barely misses you.
You completely miss the jackal. You grab the jackal. You constrict the jackal.
The jackal bites you. The jackal misses you. The jackal closely misses you.
You are too injured to fight recklessly!
You release your grip on the jackal.
The jackal bites you.
You hit the jackal but do no damage.
The jackal evaporates and reforms as a bat!
Your grab misses the bat. Your squeeze misses the bat. The bat misses you. x2
You hit the bat but do no damage. You grab the bat. You constrict the bat.
The bat closely misses you. The bat barely misses you.
You hit the bat but do no damage.
The bat appears momentarily distorted.
You constrict the bat. The bat closely misses you. The bat hits you.
You barely miss the bat. You constrict the bat.
You kill the bat!
The jackal barely misses you.
You hit the jackal but do no damage.
The jackal appears confused.
Your grab misses the jackal. The jackal closely misses you.
You hit the jackal but do no damage. Your grab misses the jackal.
The jackal closely misses you.
You strike the helpless jackal from behind!
You hit the jackal but do no damage. You drain the jackal! You grab the jackal.
You constrict the jackal.
The jackal completely misses the jackal.
You catch the helpless jackal completely off-guard!
You hit the jackal.
You kill the jackal!
The jackal barely misses you.
You hit the jackal but do no damage. Your grab misses the jackal.
The jackal barely misses you.
You hit the jackal.
You kill the jackal!
You barely miss the jackal. Your grab misses the jackal.
You squeeze the jackal, but do no damage.
The jackal bites you but does no damage.
You barely miss the jackal. Your grab misses the jackal.
Your squeeze misses the jackal. The jackal closely misses you. x2
You hit the jackal. You freeze the jackal. Your grab misses the jackal.
The jackal barely misses you.
You hit the jackal but do no damage. You grab the jackal.
You constrict the jackal. The jackal bites you.
You emit a cloud of colourful smoke!
You hit the jackal.
You kill the jackal!
You see here a jackal corpse.
You butcher the jackal corpse.
f - 8 chunks of flesh (gained 3)
g - a bubbling golden potion You start resting.
Some of the chunks of flesh in your inventory have rotted away.
h - a garnet ring
Okay, then.
You open the door.
There is an open door here.
As you open the door, it creaks loudly!
There is an open door here.
Some of the chunks of flesh in your inventory have rotted away.
You open the door.
There is an open door here.
A frilled lizard and a hobgoblin come into view.
The hobgoblin shouts!
The frilled lizard moves out of view.
There is an open door here. "Fight to survive, mortal."
Attack whom?
Press: ? - help, Dir - move target cursor, f - hobgoblin
Aim: a hobgoblin, wielding a club You reach to attack!
You closely miss the ufetubus. You completely miss the hobgoblin.
You grab the hobgoblin. You constrict the hobgoblin. The ufetubus hits you.
The ufetubus closely misses you.
You hit the hobgoblin.
The hobgoblin is poisoned.
You constrict the hobgoblin. The ufetubus completely misses you.
The ufetubus hits you but does no damage.
The hobgoblin barely misses you.
You hit the hobgoblin. You freeze the hobgoblin.
You kill the hobgoblin!
The ufetubus closely misses you. The ufetubus hits you. x2
The ufetubus completely misses you.
There is an open door here.
The ufetubus hits you. The ufetubus barely misses you.
You closely miss the ufetubus. Your grab misses the ufetubus.
Your squeeze misses the ufetubus. The ufetubus barely misses you. x2
You hit the ufetubus.
The ufetubus flickers and vanishes!
Deactivating autopickup; reactivate with Ctrl-A.
Xom is highly amused!
Your squeeze misses something. Something hits you.
* * * LOW HITPOINT WARNING * * *
Something hits you.
* * * LOW HITPOINT WARNING * * *
Something barely misses you. Something hits you.
You die...

#.#..♣..♣.♣..♣..#.###.#.....#
#.#≈#♣♣..≈..♣♣#≈#.....#.###.#
#.#≈#P♣.≈≈≈.♣P#≈#.##....###.#
#.#≈#>..≈8≈..<#≈#.........#.#
#.#≈#P♣.≈≈≈.♣P#≈#.##.#..###.#
##.#≈#♣♣..≈..♣♣#≈#.......# #.#
...#..♣..♣.♣..♣[.#)##....# #.#
##.#.............#.##......#.#
...#.#.#♣♣♣♣♣#.#@#......[#.#.#
####'###########{#.##..#.#.#
..........................
.....[....###.)#...##..#.#
...................# .# #
..........#.#........ #
..........# #..........
..........# ####.......
............ #...####


There were no monsters in sight!

Vanquished Creatures
  A dart slug (D:1)
  A leopard gecko (D:1)
  4 bats (D:1)
  A giant cockroach (D:1)
  A goblin (D:1)
  3 hobgoblins (D:1)
  3 jackals (D:1)
  2 kobolds (D:1)
  A rat (D:1)
17 creatures vanquished.

Notes
Turn   | Place    | Note
-------+----------+-------------------------------------------
     0 | D:1      | RKaid the Octopode Chaos Knight began the quest for the Orb.
     0 | D:1      | Reached XP level 1. HP: 16/16 MP: 1/1
   194 | D:1      | XOM: harmless Ice miscast
   250 | D:1      | XOM: 2-stop teleportation journey
   425 | D:1      | Reached XP level 2. HP: 21/21 MP: 2/2
   535 | D:1      | XOM: smoke on damage
   747 | D:1      | XOM: summons 1 hostile demon
   755 | D:1      | HP: 2/21 [something (4)]
   755 | D:1      | Slain by an ufetubus

Vault maps used:
D:1:      tarquinn_simple_flora_water_b

Action                   || total
-------------------------++-------
Melee: Spear             ||    51
       Constrict         ||    11
       Tentacles         ||     2
 Stab: Confused          ||     2
Armor: Skin              ||     3
Dodge: Dodged            ||    44

Table legend:
 A = Spawn XP
 B = Non-spawn XP
 C = Spawn XP percentage of total XP
 D = Spawn monster count
 E = Non-spawn monster count
 F = Spawn count percentage of total count
 G = Total turns spent on level
                    A         B        C        D         E        F      G
               +---------+---------+-------+---------+---------+-------+---------
         Total |       0 |      33 |   0.0 |       0 |      17 |   0.0 |   755
               +---------+---------+-------+---------+---------+-------+---------
           D:1 |       0 |      33 |   0.0 |       0 |      17 |   0.0 |   755
               +---------+---------+-------+---------+---------+-------+---------

Table legend:
 A = Turns spent in this place as a percentage of turns spent in the entire game.
 B = Non-inter-level travel turns spent in this place as a percentage of non-inter-level travel turns spent in the entire game.
 C = Inter-level travel turns spent in this place as a percentage of turns spent in this place.
 D = Turns resting spent in this place as a percentage of non-inter-level travel turns spent in this place.
 E = Turns spent auto-exploring this place as a percentage of non-inter-level travel turns spent in this place.
 F = Non-inter-level travel turns spent in this place divided by the number of levels of this place that you've seen.
                   A       B       C       D       E      F
               +-------+-------+-------+-------+-------+----------------------
         Total | 100.0 | 100.0 |   0.0 |  58.4 |  21.3 | 755.0
       Dungeon | 100.0 | 100.0 |   0.0 |  58.4 |  21.3 | 755.0
               +-------+-------+-------+-------+-------+----------------------

Table legend:
 A = Kills in this place as a percentage of kills in entire the game.
 B = Kills by you in this place as a percentage of kills by you in the entire game.
 C = Kills by friends in this place as a percentage of kills by friends in the entire game.
 D = Other kills in this place as a percentage of other kills in the entire game.
 E = Experience gained in this place as a percentage of experience gained in the entire game.
 F = Experience gained in this place divided by the number of levels of this place that you have seen.
                   A       B       C       D       E      F
               +-------+-------+-------+-------+-------+----------------------
         Total | 100.0 | 100.0 |   N/A |   N/A | 100.0 |  33.0
       Dungeon | 100.0 | 100.0 |   N/A |   N/A | 100.0 |  33.0
               +-------+-------+-------+-------+-------+----------------------
